 Dungeon Crawl Stone Soup version 0.19-a0-1896-g611e798 (webtiles) character file.

478 Naow the Shield-Bearer (level 7, -1/56 HPs)
             Began as a Formicid Fighter on Oct 19, 2016.
             Killed by divine providence
             ... invoked by an orc priest
              (14 damage)
             ... on level 4 of the Dungeon.
             The game lasted 00:04:47 (2557 turns).

Naow the Shield-Bearer (Formicid Fighter)           Turns: 2557, Time: 00:04:47

Health: -1/56      AC:  7    Str: 23    XL:     7   Next: 33%
Magic:  7/7        EV:  8    Int:  9    God:
Gold:   113        SH: 15    Dex: 10    Spells: 0 memorised, 6 levels left

rFire  . . .     SeeInvis +     u - +3 hand axe
rCold  . . .     Gourm    .     b - +0 scale mail
rNeg   . . .     Faith    .     c - +0 shield
rPois  .         Spirit   .     (helmet unavailable)
rElec  .         Reflect  +     (no cloak)
rCorr  .         Harm     .     (no gloves)
MR     .....                    (no boots)
Stlth  ..........               g - +5 amulet of reflection
                                (no ring)
                                (no ring)

@: no status effects
A: permanent stasis, dig shafts and tunnels, four strong arms, antennae 3,
clever 1, deterioration 1, wild magic 1
a: Dig, Shaft Self


You were on level 4 of the Dungeon.
You were very hungry.

You visited 1 branch of the dungeon, and saw 5 of its levels.

You collected 113 gold pieces.

Inventory:

Hand Weapons
 a - a +0 war axe
 u - a +3 hand axe (weapon)
Armour
 b - a +0 scale mail (worn)
 c - a +0 shield (worn)
Jewellery
 g - a +5 amulet of reflection (around neck)
 k - an uncursed amulet of magic regeneration
 x - an uncursed ring of protection from magic {unknown}
Scrolls
 e - a scroll of amnesia {unknown}
 i - 2 scrolls of teleportation {unknown}
 j - a scroll of magic mapping {unknown}
 m - a scroll of remove curse {unknown}
 q - a scroll of enchant armour {unknown}
 v - 2 scrolls of enchant weapon {unknown}
 y - a scroll of fear {unknown}
Books
 h - a book of Callings

   Spells                             Type                      Level
   a - Summon Small Mammal            Summoning                    1
   b - Call Imp                       Summoning                    2
   c - Call Canine Familiar           Summoning                    3
   d - Summon Guardian Golem          Hexes/Summoning              3
   e - Summon Lightning Spire         Summoning/Air                4
   f - Summon Ice Beast               Ice/Summoning                4
Comestibles
 f - 3 bread rations
 l - a meat ration
 o - a slice of pizza
 s - a beef jerky


   Skills:
 + Level 5.1 Fighting
 * Level 4.8 Axes
 + Level 4.5 Armour
 + Level 5.3 Shields


You had 6 spell levels left.
You didn't know any spells.

Dungeon Overview and Level Annotations

Branches:
Dungeon (5/15)
 Temple: D:4-7

Altars:
Fedhas


Innate Abilities, Weirdness & Mutations

You are under a permanent stasis effect.
You can dig through walls and to a lower floor.
Your four strong arms can wield two-handed weapons with a shield.
You have a pair of large antennae on your head. (SInv)
Your mind is acute. (Int +2)
Your body sometimes deteriorates upon taking damage.
Your spells are a little harder to cast, but a little more powerful.


Message History

Your magical effects are unravelling.
You feel magically purged.
You feel less invigorated.
You feel less confused.
You feel a little less mighty now.
You feel a little less agile now.
You feel sick.
The orc wizard points at you and mumbles some strange words.
You easily resist.
It was a potion of mutation.
You feel extremely strange.
You feel yourself wasting away.
You feel less in control of your magic.
You feel clever.
You feel sick. You block the orc wizard's attack.
It was a potion of curing.
You feel better.
The orc wizard hits you with a dagger of venom.
The orc wizard casts a spell at you. The puff of flame hits you!
* * * LOW HITPOINT WARNING * * *
You are feeling very hungry.
The orc priest calls down the wrath of Beogh upon you.
Beogh smites you!
You die...

###.#.### #.#
#..#..)..#.. ........#
#.# #.....>....#
###.#.#.####.##
#..#.....#.#
#.#...#.....#
##.#.....#..
###.###.#.....#
#.###{###.. ....#
#.#.....# #...{{.....
##### #.#.....#
#######.#######..
#.#.....###..o.oo..#
#.###>##..@.........#
#.........#.########.#
#..#####....# ... #..#
#..### #.. #..# #.##
#.. ##.# #.# ## #.#
#.. #.. ..# ### ###


You could see an orc priest and 2 orc wizards.

Vanquished Creatures
  A howler monkey (D:4)
  4 orc wizards (D:4)
  An orc priest (D:4)
  3 hounds (D:4)
  An iguana (D:4)
  A worker ant (D:4)
  6 adders
  2 worms
  2 dart slugs
  7 leopard geckos
  14 orcs
  A ball python (D:3)
  11 bats
  3 giant cockroaches
  6 goblins
  6 hobgoblins
  3 quokkas
  4 frilled lizards
  6 kobolds
  A leopard gecko skeleton (D:4)
  5 rats
88 creatures vanquished.

Notes
Turn   | Place    | Note
-------+----------+-------------------------------------------
     0 | D:1      | Naow the Formicid Fighter began the quest for the Orb.
     0 | D:1      | Reached XP level 1. HP: 18/18 MP: 1/1
    61 | D:1      | Reached XP level 2. HP: 19/24 MP: 2/2
   352 | D:1      | Reached XP level 3. HP: 28/29 MP: 3/3
   618 | D:2      | Found a blossoming altar of Fedhas.
   906 | D:2      | Reached XP level 4. HP: 31/37 MP: 4/4
  1237 | D:3      | Reached XP level 5. HP: 33/42 MP: 5/5
  1675 | D:4      | Reached XP level 6. HP: 49/49 MP: 6/6
  1718 | D:4      | Reached skill level 5 in Shields
  2076 | D:4      | Reached XP level 7. HP: 47/55 MP: 7/7
  2096 | D:4      | Reached skill level 5 in Fighting
  2105 | D:5      | Entered Level 5 of the Dungeon
  2547 | D:4      | Gained mutation: Your body sometimes deteriorates upon taking damage. [potion of mutation]
  2547 | D:4      | Gained mutation: Your spells are a little harder to cast, but a little more powerful. [potion of mutation]
  2547 | D:4      | Gained mutation: Your mind is acute. (Int +2) [potion of mutation]
  2557 | D:4      | Killed from afar by an orc priest

Vault maps used:
D:1:      saegor_arrival_simple_e, st_stairs_8, minmay_misc_feat_four_crosses
D:2:      first_bread, fedhas_altar_2
D:4:      serial_shops, kennysheep_little_box, st_stairs_3
D:5:      grunt_temple_overflow_open, uniq_edmund

Skill      XL: |  1  2  3  4  5  6  7 |
---------------+----------------------+-----
Shields        | 4 5 |  5.3
Fighting       | 4 5 |  5.1
Axes           | 3 4 |  4.8
Armour         | 4 |  4.5

Action                   |  1- 3 |  4- 6 |  7- 9 || total
-------------------------+-------+-------+-------++-------
Melee: War axe           |   137 |    19 |       ||   156
       Hand axe          |       |   134 |    35 ||   169
  Use: Potion            |       |       |     7 ||     7
  Eat: Chunk             |       |     4 |     1 ||     5
Armor: Scale mail        |    54 |    42 |    11 ||   107
Dodge: Dodged            |    45 |    33 |     7 ||    85
Block: Shield            |   111 |   121 |    29 ||   261
